 Dungeon Crawl Stone Soup version 0.30.0-19-g36f170ea60 (webtiles) character file.

Game seed: 4364368676677375712

1497 Graphine the Nimble (level 8, -5/67 HPs)
             Began as a Merfolk Monk on May 28, 2023.
             Was the Champion of Ignis.
             Slain by an ogre
             ... wielding a +0 giant spiked club
              (39 damage)
             ... on level 5 of the Dungeon.
             The game lasted 00:08:55 (4147 turns).

Graphine the Nimble (Merfolk Monk)                  Turns: 4147, Time: 00:08:56

Health: -5/67      AC:  2    Str: 11    XL:     8   Next: 81%
Magic:  8/8        EV: 17    Int: 16    God:    Ignis [******]
Gold:   300        SH:  0    Dex: 18    Spells: 7/7 levels left

rFire   + . .        t - +4 falchion (heavy)
rCold   . . .        d - orb {light}
rNeg    . . .        b - +0 robe
rPois   .            (no helmet)
rElec   .            (no cloak)
rCorr   .            (no gloves)
SInv    +            (no boots)
Will    .....        g - amulet of regeneration
Stlth   +            a - ring of see invisible
HPRegen 1.11/turn    q - +6 ring of intelligence
MPRegen 0.11/turn

%: no passive effects
@: glowing
A: (nimble swimmer 2), mertail
a: Renounce Religion, Fiery Armour, Foxfire Swarm, Rising Flame


You were on level 5 of the Dungeon.
You worshipped Ignis.
Ignis was exalted by your worship.
You visited 1 branch of the dungeon, and saw 5 of its levels.

You collected 420 gold pieces.
You spent 120 gold pieces at shops.

Inventory:

Hand Weapons
 t - a +4 heavy falchion (weapon)
Missiles
 h - 2 javelins (quivered)
Armour
 b - a +0 robe (worn)
 d - an orb of light (worn)
Jewellery
 a - a ring of see invisible (left hand)
 g - an amulet of regeneration (around neck)
 q - a +6 ring of intelligence (right hand)
Scrolls
 e - 2 scrolls of teleportation
 f - 2 scrolls of fear
 l - a scroll of blinking
 o - 2 scrolls of poison
 p - 6 scrolls of identify
 s - a scroll of magic mapping {unknown}
 u - a scroll of vulnerability
Potions
 c - a potion of ambrosia
 i - a potion of invisibility {unknown}
 j - a potion of haste {unknown}
 k - 2 potions of flight {unknown}
 m - 3 potions of curing {unknown}
 n - a potion of resistance {unknown}
 r - 4 potions of attraction {unknown}


   Skills:
 + Level 7.5 Fighting
 + Level 8.2 Long Blades
 + Level 9.0 Dodging


You had 7 spell levels left.
You didn't know any spells.
Your spell library contained the following spells:

 Spells                   Type           Power      Damage    Failure   Level
 Gell's Gravitas          Tloc           0%         N/A       58%         3
 Hailstorm                Conj/Ice       0%         3d3       58%         3
 Teleport Other           Tloc           0%         N/A       58%         3
 Vhi's Electric Charge    Tloc/Air       0%         N/A       58%         3
 Ice Form                 Ice/Tmut       0%         N/A       94%         4
 Arcjolt                  Conj/Air       0%         1d10      100%        5
 Dispersal                Tloc           0%         N/A       100%        6
 Plasma Beam              Fire/Air       0%         2x1d11    100%        6
 Simulacrum               Ice/Necr       0%         N/A       100%        6


Dungeon Overview and Level Annotations

Branches:
Dungeon (5/15)
 Temple: D:4-7

Altars:
Elyvilon
Okawaru
Ru
Uskayaw
Yredelemnul
The Shining One
Ignis

Shops:
D:2 (=(


Innate Abilities, Weirdness & Mutations

((You are very nimble when in or above water. (Stealth+, EV+, Speed+++)))
Your lower body shifts to a powerful aquatic tail in water.


Message History

The ogre is moderately wounded.
The phantom barely misses you.
The ogre hits you with a +0 giant spiked club!!
Hit: t) +4 falchion (heavy)
Press: ? - help, Dir - move target, f/p - ogre
Aim: an ogre, wielding a +0 giant spiked club (moderately wounded, haloed, about 6% to evade your +4 heavy falchion)
You hit the ogre but do no damage.
The ogre is moderately wounded.
The phantom hits you!
The phantom blinks!
You blink.
Hit: t) +4 falchion (heavy)
Press: ? - help, Dir - move target, f - phantom, p - ogre
Aim: a phantom (haloed, about 24% to evade your +4 heavy falchion)
You slash the phantom!
The phantom is heavily damaged.
The phantom misses you. The phantom closely misses you.
Unknown command.
Hit: t) +4 falchion (heavy)
Press: ? - help, Dir - move target, f/p - phantom
Aim: a phantom (heavily damaged, haloed, about 24% to evade your +4 heavy falchion)
You slice the phantom!!
You destroy the phantom!
Your Dodging skill increases to level 9!
The ogre attacks as you move away! The ogre misses you.
The ogre hits you with a +0 giant spiked club!
You are too injured to fight recklessly!
Hit: t) +4 falchion (heavy)
Press: ? - help, Dir - move target, f - ogre
Aim: an ogre, wielding a +0 giant spiked club (moderately wounded, haloed, about 6% to evade your +4 heavy falchion)
You slash the ogre!
The ogre is severely wounded.
The ogre closely misses you.
Okay, then.
Hit: t) +4 falchion (heavy)
Press: ? - help, Dir - move target, f/p - ogre
Aim: an ogre, wielding a +0 giant spiked club (severely wounded, haloed, about 6% to evade your +4 heavy falchion)
You hit the ogre but do no damage.
The ogre is severely wounded.
The ogre hits you with a +0 giant spiked club!!!
Ouch! That really hurt!
You die...

............#
#.....# #.#
......#####.#
#.....# #.# ......#
### #....## #.#
......# #....#
##.## ......#
#....###....
......#
#...........
......#############
####........
..................#
#........
#####...........@.#
#####.>..
#..........O..#
#####
#.............#
#.............#
#.............#
#.............#
###############
####### #.#.#.#
##.#.#.


You could see an ogre.

Vanquished Creatures
  Pikel (D:5)
  2 ogres (D:4)
  2 phantoms (D:5)
  2 scorpions (D:5)
  A howler monkey (D:4)
  A hound (D:5)
  2 orc priests (D:5)
  Jessica (D:2)
  2 iguanas
  3 orc wizards
  Natasha (thrice) (D:3)
  12 adders
  2 ufetubi
  A worm (D:5)
  3 dart slugs
  12 orcs
  10 ball pythons
  7 bats
  7 endoplasms
  7 giant cockroaches
  11 goblins
  8 hobgoblins
  4 jackals (D:2)
  8 kobolds
  3 frilled lizards
  6 rats
121 creatures vanquished.

Notes
Turn   | Place    | Note
-------+----------+-------------------------------------------
     0 | D:1      | Graphine the Merfolk Monk began the quest for the Orb.
     0 | D:1      | Reached XP level 1. HP: 18/18 MP: 1/1
   123 | D:1      | Reached XP level 2. HP: 23/24 MP: 2/2
   409 | D:1      | Found a faded altar of an unknown god.
   422 | D:1      | Reached XP level 3. HP: 29/30 MP: 3/3
   425 | D:1      | Prayed at the altar of an unknown god.
   425 | D:1      | Became a worshipper of Ignis, the Dying Flame
   425 | D:1      | Reached ****** piety under Ignis
   947 | D:2      | Found Xokuciw's Antique Weapon Shoppe.
  1021 | D:2      | Found Setolis's Jewellery Emporium.
  1047 | D:2      | Found Aqem's Weapon Boutique.
  1111 | D:2      | Noticed Jessica
  1117 | D:2      | Reached XP level 4. HP: 34/37 MP: 4/4
  1125 | D:2      | Killed Jessica
  1126 | D:2      | Reached skill level 5 in Dodging
  1235 | D:2      | Found a basalt altar of Yredelemnul.
  1287 | D:2      | Bought a glowing falchion for 120 gold pieces
  1394 | D:2      | Reached XP level 5. HP: 43/43 MP: 5/5
  1504 | D:3      | Found an iron altar of Okawaru.
  1620 | D:3      | Reached skill level 5 in Long Blades
  1656 | D:3      | Noticed Natasha
  1659 | D:3      | Killed Natasha
  1736 | D:3      | Found a glowing drain.
  1944 | D:3      | Noticed Natasha
  1950 | D:3      | Killed Natasha
  2095 | D:3      | Noticed Natasha
  2101 | D:3      | Killed Natasha
  2221 | D:3      | Found a sacrificial altar of Ru.
  2379 | D:3      | Reached XP level 6. HP: 49/50 MP: 6/6
  2508 | D:4      | Found a glowing golden altar of the Shining One.
  2579 | D:4      | Found a white marble altar of Elyvilon.
  2590 | D:4      | Reached skill level 6 in Dodging
  2630 | D:4      | Reached skill level 5 in Fighting
  2737 | D:4      | Reached XP level 7. HP: 42/56 MP: 7/7
  2985 | D:4      | Reached skill level 7 in Dodging
  3507 | D:5      | Entered Level 5 of the Dungeon
  3697 | D:5      | Noticed Pikel
  3708 | D:5      | Killed Pikel
  3709 | D:5      | Reached skill level 8 in Dodging
  3709 | D:5      | Reached XP level 8. HP: 45/67 MP: 8/8
  3945 | D:5      | Found a hide-covered altar of Uskayaw.
  4137 | D:5      | Reached skill level 9 in Dodging
  4147 | D:5      | Slain by an ogre

Illustrated notes

Levels and vault maps discovered:
D:1:      dpeg_arrival_prison, layout_loops_corners,
          ebering_ecumenical_altar_mist
D:2:      layout_basic, serial_shops, nicolae_shop_peninsula, shop, shop,
          basic_altar, uniq_jessica
D:3:      layout_basic, nicolae_ru_path_of_blood, okawaru_metal_pillars_1_2,
          gup_sewer_entry_glass, uniq_natasha
D:4:      layout_layer_cave, amcnicky_altar_gilded, overflow_temple_1_default
D:5:      layout_basic, mainiacjoe_overflow_alcove_4, minivault_23, uniq_pikel

Skill      XL: |  1  2  3  4  5  6  7  8 |
---------------+-------------------------+-----
Long Blades    | 4 5 6 7 8 |  8.2
Fighting       | 4 5 7 |  7.5
Dodging        | 5 6 8 9 |  9.0

Action                     |  1- 3 |  4- 6 |  7- 9 || total
---------------------------+-------+-------+-------++-------
  Melee: Falchion          |    20 |    66 |    90 ||   176
         Short sword       |    86 |    56 |       ||   142
  Throw: Javelin           |       |       |     5 ||     5
    Use: Scroll            |     2 |     8 |       ||    10
         Potion            |       |     1 |       ||     1
 Armour: Robe              |    18 |    17 |     8 ||    43
  Dodge: Dodged            |    50 |   105 |    97 ||   252
